 Dungeon Crawl Stone Soup version 0.31-a0-263-ge8cad7f256 (webtiles) character file.

Game seed: 11988261098173209314

9103 lunkers the Basher (level 12, -13/112 HPs)
             Began as a Meteoran Wanderer on July 11, 2023.
             Was a Believer of Ashenzari.
             Mangled by a komodo dragon (21 damage)
             ... on level 1 of the Lair of Beasts on July 13, 2023.
             The game lasted 00:31:12 (4964 turns).

lunkers the Basher (Meteoran Wanderer)              Turns: 4964, Time: 00:31:13

Health: -13/112    AC: 12    Str: 13    XL:     12   Next: 0%
Magic:  26/32      EV: 17    Int: 19    God:    Ashenzari [**....]
Gold:   364        SH:  0    Dex: 15    Spells: 17/24 levels left

rFire   . . .        a - +0 eveningstar
rCold   . . .        (no shield)
rNeg    . . .        d - +2 leather armour {Will+}
rPois   .            y - +1 helmet of the Cursed Vision {Cun, Self} (curse)
rElec   .            (no cloak)
rCorr   .            v - +0 pair of gloves of the Fated Annoyance {Dev, Bglg} (curse)
SInv    +            (no boots)
Will    ++...        (no amulet)
Stlth   +            m - ring of the Lashed Moon {MP+9, Dev, Alch} (curse)
HPRegen 0.38/turn    p - ring of Desmomancy {AC+4, Comp, Fort} (curse)
MPRegen 0.23/turn

%: no passive effects
@: glowing
A: sense surroundings 2, otherworldly, glowing, explore regen
a: Renounce Religion, Shatter the Chains


You were on level 1 of the Lair of Beasts.
You worshipped Ashenzari.
Ashenzari was pleased with you.
You visited 3 branches of the dungeon, and saw 11 of its levels.
You also visited: Bailey.

You collected 484 gold pieces.
You spent 120 gold pieces at shops.

Inventory:

Hand Weapons
 a - a +0 eveningstar (weapon)
 x - the +4 dagger "Nyciesh" {spect, *Noise *Corrode Int+6}
   (You found it on level 8 of the Dungeon)

   Int:       It affects your intelligence (+6).
   *Noise:    It may make noises in combat.
   *Corrode:  It may corrode you when you take damage.
Missiles
 o - a throwing net
Armour
 d - a +2 leather armour of willpower (worn)
 k - a +0 helmet
 s - a +0 helmet of see invisible
 v - the cursed +0 pair of gloves of the Fated Annoyance (worn) {Dev, Bglg}
   (You found it on level 5 of the Dungeon)

   It has a curse which improves the following skills: Devices: Evocations and
   Shapeshifting.
   Beguiling: Conjurations, Hexes and Translocations.
 y - the cursed +1 helmet of the Cursed Vision (worn) {Cun, Self}
   (You found it on level 8 of the Dungeon)

   It has a curse which improves the following skills: Cunning: Dodging and
   Stealth.
   Introspection: Fighting and Spellcasting.
 z - the +6 plate armour of the Northern Lights {rC- rCorr Int+5}
   (You found it in a bailey)

   Int:       It affects your intelligence (+5).
   rC:        It makes you vulnerable to cold.
   rCorr:     It protects you from acid and corrosion.
Magical Staves
 e - a staff of poison
 h - a staff of earth
Jewellery
 j - a ring of poison resistance
 m - the cursed ring of the Lashed Moon (left hand) {MP+9, Dev, Alch}
   (You found it on level 4 of the Dungeon)

   [ring of magical power]

   MP:        It affects your magic capacity (+9).
   It has a curse which improves the following skills: Devices: Evocations and
   Shapeshifting.
   Alchemy:   Poison Magic and Transmutations.
 p - the cursed ring of Desmomancy (right hand) {AC+4, Comp, Fort}
   (You found it on level 3 of the Dungeon)

   [ring of protection]

   AC:        It affects your AC (+4).
   It has a curse which improves the following skills: Companions: Summonings
   and Necromancy.
   Fortitude: Armour and Shields.
Wands
 r - a wand of iceblast (1)
Scrolls
 i - 2 scrolls of revelation
 l - a scroll of fear
 n - 3 scrolls of identify
 w - a scroll of amnesia
 A - a scroll of teleportation
Potions
 b - a potion of heal wounds
 f - 2 potions of curing
 g - 4 potions of resistance
 q - 3 potions of enlightenment
 t - a potion of haste
 u - a potion of mutation
 B - a potion of berserk rage


   Skills:
 + Level 11.0(12.1) Fighting
 + Level 11.2 Maces & Flails
 + Level 10.7(11.8) Dodging
 - Level 1.0(1.6) Stealth
 - Level 5.6(6.8) Spellcasting
 - Level 1.2(2.0) Conjurations
 - Level 9.3(10.4) Summonings


You had 17 spell levels left.
You knew the following spells:

 Your Spells              Type           Power      Damage    Failure   Level
b - Call Canine Familiar  Summ           46%        N/A       1%          3
c - Animate Armour        Summ/Erth      52%        N/A       16%         4

Your spell library contained the following spells:

 Spells                   Type           Power      Damage    Failure   Level
 Summon Small Mammal      Summ           100%       N/A       1%          1
 Magic Dart               Conj           56%        1d5       6%          1
 Slow                     Hex            24%        N/A       13%         1
 Momentum Strike          Conj/Tloc      20%        3d8       13%         2
 Blink                    Tloc           12%        N/A       19%         2
 Lesser Beckoning         Tloc           12%        N/A       19%         2
 Dazzling Flash           Conj/Hex       20%        N/A       26%         3
 Confusing Touch          Hex            6%         N/A       36%         3
 Vampiric Draining        Necr           6%         2d6       36%         3


Dungeon Overview and Level Annotations

Branches:
Dungeon (9/15) Zot: 1163   Temple (1/1) D:4 Zot: 245    Lair (1/5) D:9 Zot: 578
 Bailey (visited)
    Orc: D:9-12

Altars:
Ashenzari
Cheibriados
Dithmenos
Elyvilon
Fedhas
Gozag
Hepliaklqana
Kikubaaqudgha
Makhleb
Nemelex Xobeh
Okawaru
Qazlal
Ru
Sif Muna
Trog
Uskayaw
Vehumet
Wu Jian
Xom
Yredelemnul
Zin
The Shining One

Shops:
D:6 *


Innate Abilities, Weirdness & Mutations

You passively map the area around you.
You are easily found by Zot.
You glow in the dark.
You regain HP and MP as you explore.


Message History

You feel sick. The komodo dragon bites you.
* * * LOW HITPOINT WARNING * * *
You have reached level 12!
You feel stronger.
You puncture the komodo dragon!
The komodo dragon is moderately wounded.
You feel sick. The komodo dragon bites you!
* * * LOW HITPOINT WARNING * * *
You barely miss the komodo dragon.
The komodo dragon is moderately wounded.
You feel sick. The komodo dragon bites you!
* * * LOW HITPOINT WARNING * * *
You sock the komodo dragon!
The komodo dragon is heavily wounded.
You feel sick.
The komodo dragon bites you but does no damage.
You hit the komodo dragon.
The komodo dragon is heavily wounded.
You feel sick.
Your animated leather armour disappears in a puff of smoke!
The komodo dragon bites you!
* * * LOW HITPOINT WARNING * * *
Casting: Animate Armour (dangerous; 16% risk of failure)
Confirm with . or Enter, or press ? or * to list all spells.
You feel sick. The komodo dragon misses you.
Unknown command.
Casting: Call Canine Familiar (safe; 1% risk of failure)
Confirm with . or Enter, or press ? or * to list all spells.
You feel sick.
You are no longer poisoned.
The komodo dragon closely misses you.
Unknown command.
Unknown command.
Your wolf barely misses the komodo dragon.
Your wolf closely misses the komodo dragon.
You hit the komodo dragon but do no damage.
The komodo dragon is heavily wounded.
Your wolf completely misses the komodo dragon.
The komodo dragon bites you!!
You die...

* * * ,, ,, ,, , ,
##.....#...... , ,,
,
,#......#........,,
, , * ,
#.....#........ * ,
, ##.....#.)....#
,* ** *
#.............#., ,
###...[.#........ ,
, ,,
,.........##..P.#.
,,* ,
.......l@........ ,
, ,,
,......h..<.......
, ........[........
, , ,
................. ,
##...............,
..#.....#.#####..
,,* * , .,#...###+#
* . ,, * , , #... ,
, , ,, ,** , ,... ,
, , **


You could see a komodo dragon (ally target), a friendly animated leather armour
(summoned) and a friendly wolf (summoned).

Vanquished Creatures
  Harold (D:9)
  Pikel (D:7)
  2 orc knights (Bailey)
  A cane toad (Lair:1)
  3 wyverns
  5 yaks (D:9)
  A steam dragon (D:9)
  2 water moccasins
  2 orc warriors
  An ice beast (D:7)
  A black bear (D:9)
  3 centaurs
  A gnoll sergeant (D:9)
  4 bullfrogs
  2 scorpions
  3 killer bees (D:9)
  3 howler monkeys (D:8)
  2 jellies
  A hound (D:6)
  An orc priest (D:6)
  An iguana (D:6)
  2 adders
  6 gnolls
  3 white imps (D:7)
  An ufetubus (D:6)
  A worm (D:3)
  10 orcs
  4 bats
  6 endoplasms
  6 hobgoblins
  7 kobolds
  A quokka (D:1)
  2 ball pythons (D:3)
  A frilled lizard (D:1)
  3 goblins (D:1)
  2 rats
96 creatures vanquished.

Vanquished Creatures (collateral kills)
  Erolcha (D:9)
  An orc knight (Bailey)
  4 yaks (D:9)
  3 water moccasins
  6 orc warriors
  An ice beast (D:5)
  3 ogres
  A lemure (D:7)
  2 kobold brigands
  3 bullfrogs
  2 gnoll sergeants (D:6)
  A scorpion (D:3)
  2 killer bees (D:9)
  2 orc priests
  2 jellies
  2 iguanas
  Terence (D:3)
  4 adders
  7 gnolls
  A worm (D:5)
  16 orcs
  A ball python (D:2)
  A giant cockroach (D:4)
  A goblin (D:8)
  5 hobgoblins
  2 kobolds
  A quokka (D:3)
76 creatures vanquished.

Grand Total: 172 creatures vanquished

Notes
Turn   | Place    | Note
-------+----------+-------------------------------------------
     0 | D:1      | lunkers the Meteoran Wanderer began the quest for the Orb.
     0 | D:1      | lunkers set off with the following items: a +0 dagger, a
                  | potion of heal wounds, a +0 robe, a +0 helmet; and the
                  | following spells available to memorise: Summon Small
                  | Mammal, Call Canine Familiar, Magic Dart, Dazzling Flash,
                  | Animate Armour.
     0 | D:1      | Reached XP level 1. HP: 16/16 MP: 5/5
    17 | D:1      | Found a faded altar of an unknown god.
   142 | D:1      | Reached XP level 2. HP: 7/23 MP: 6/6
   236 | D:1      | Upgraded the game from 0.31-a0-237-g2d982f9f85 to
                  | 0.31-a0-246-g8cbcc1cb85
   362 | D:1      | Reached XP level 3. HP: 15/28 MP: 8/8
   488 | D:1      | Learned a level 3 spell: Call Canine Familiar
   500 | D:1      | Glimpsed the power of Zot.
   828 | D:3      | Reached XP level 4. HP: 24/35 MP: 10/10
   908 | D:3      | Noticed an ogre
   931 | D:3      | Killed an ogre
   932 | D:3      | Reached XP level 5. HP: 41/41 MP: 5/12
   947 | D:3      | Reached XP level 6. HP: 49/49 MP: 4/13
  1090 | D:3      | Learned a level 4 spell: Animate Armour
  1094 | D:3      | Noticed Terence
  1105 | D:3      | Killed Terence
  1178 | D:4      | Found a staircase to the Ecumenical Temple.
  1186 | Temple   | Entered the Ecumenical Temple
  1513 | Temple   | Became a worshipper of Ashenzari the Shackled
  1625 | D:4      | Noticed a water moccasin
  1645 | D:4      | Noticed a water moccasin
  1647 | D:4      | Killed a water moccasin
  1648 | D:4      | Reached XP level 7. HP: 14/57 MP: 15/15
  1662 | D:4      | HP: 3/85 [water moccasin (3)]
  1671 | D:4      | Killed a water moccasin
  1672 | D:4      | Reached skill level 5 in Spellcasting
  1984 | D:5      | Entered Level 5 of the Dungeon
  2300 | D:5      | Reached XP level 8. HP: 66/66 MP: 17/17
  2463 | D:6      | Found Ropnelau's Lightly-Used Armoury.
  2471 | D:6      | Bought a -1 eveningstar for 120 gold pieces
  2615 | D:6      | Reached skill level 5 in Maces & Flails
  2689 | D:6      | Gained mutation: You passively map the area around you.
                  | [Meteoran growth]
  2689 | D:6      | Reached XP level 9. HP: 46/71 MP: 18/18
  2689 | D:6      | Reached * piety under Ashenzari
  3060 | D:6      | Reached ** piety under Ashenzari
  3162 | D:7      | Found a blossoming altar of Fedhas.
  3163 | D:7      | Found a bloodstained altar of Trog.
  3163 | D:7      | Found a stormy altar of Qazlal.
  3163 | D:7      | Found an opulent altar of Gozag.
  3179 | D:7      | Reached skill level 1 in Dodging
  3420 | D:7      | Noticed Pikel
  3434 | D:7      | Killed Pikel
  3435 | D:7      | Reached skill level 10 in Maces & Flails
  3435 | D:7      | Reached XP level 10. HP: 66/83 MP: 19/19
  3509 | D:8      | Identified the +4 dagger "Nyciesh" {spect, *Noise *Corrode
                  | Int+6}
  3657 | D:8      | Reached skill level 5 in Dodging
  3664 | D:8      | Found a flagged portal.
  3683 | Bailey   | Entered a bailey
  3801 | Bailey   | Noticed an orc knight
  3801 | Bailey   | Noticed an orc knight
  3842 | Bailey   | Killed an orc knight
  3918 | Bailey   | Killed an orc knight
  3942 | Bailey   | Noticed an orc knight
  3981 | Bailey   | Killed an orc knight
  3982 | Bailey   | Reached XP level 11. HP: 27/97 MP: 20/20
  4039 | Bailey   | Identified the +6 plate armour of the Northern Lights {rC-
                  | rCorr Int+5}
  4280 | D:8      | Reached *** piety under Ashenzari
  4314 | D:9      | Noticed Harold
  4328 | D:9      | Killed Harold
  4428 | D:9      | Noticed Erolcha
  4441 | D:9      | Reached skill level 10 in Fighting
  4471 | D:8      | Upgraded the game from 0.31-a0-246-g8cbcc1cb85 to
                  | 0.31-a0-263-ge8cad7f256
  4729 | D:9      | Reached skill level 10 in Dodging
  4909 | D:9      | Killed Erolcha
  4932 | D:9      | Found a staircase to the Lair.
  4942 | Lair:1   | Entered Level 1 of the Lair of Beasts
  4957 | Lair:1   | Reached XP level 12. HP: 47/112 MP: 23/23
  4964 | Lair:1   | Mangled by a komodo dragon

Illustrated notes

Levels and vault maps discovered:
D:1:      dpeg_arrival_ratfight, layout_loops_ring,
          ebering_ecumenical_altar_abandoned, chequers_serial_rivers_small_3
D:2:      layout_basic
D:3:      layout_rooms, uniq_terence
D:4:      layout_cave_pools, minmay_temple_entry_slanted
D:5:      layout_cave_pods, serial_park, serial_park_paths
          [serial_park_minivault_5x5_5], serial_park_square2,
          serial_park_avenue1
D:6:      wad_crossroads, layout_rooms, st_stairs_2,
          kennysheep_decorative_pillar, minmay_shop_damaged,
          grunt_decor_arrowhead, minmay_door_square, minmay_misc_feat_iff,
          moated_statue, amcnicky_mini_pool_small
D:7:      layout_basic, chequers_temple_overflow_statue_of_worship, uniq_pikel
D:8:      layout_gridville, enter_bailey_4, hellmonk_ghost_happy_afterlife,
          kennysheep_generic_room_16
D:9:      layout_stronghold, grunt_lair_entry_orc_guard_hut, serial_rivers,
          chequers_serial_rivers_marsh, chequers_serial_rivers_micro_c,
          chequers_serial_rivers_micro_c, chequers_serial_rivers_small_3,
          chequers_serial_rivers_micro_c, uniq_harold, uniq_erolcha
Temple:   hc_temple_tempest_star
Lair:1:   layout_regular_city, gammafunk_ghost_split,
          portal_ice_cave_entry_pillars_1, basic_altar, uniq_maggie,
          uniq_nergalle, uniq_urug

Skill      XL: |  1  2  3  4  5  6  7  8  9 10 11 |
---------------+----------------------------------+-----
Spellcasting   | 3 4 5 |  5.6
Summonings     | 7 8 9 |  9.3
Fighting       | 2 3 4 6 9 11 | 11.0
Maces & Flails | 7 10 11 | 11.2
Dodging        | 3 8 10 | 10.7
Stealth        | |  1.0
Conjurations   | |  1.2

Action                     |  1- 3 |  4- 6 |  7- 9 | 10-12 || total
---------------------------+-------+-------+-------+-------++-------
  Melee: Dagger            |   111 |    67 |    77 |       ||   255
         Punch             |       |       |     2 |       ||     2
         Eveningstar       |       |       |   113 |   198 ||   311
   Cast: Call Canine Famil |     3 |    10 |    17 |    28 ||    58
         Animate Armour    |       |       |     3 |    21 ||    24
 Invoke: Curse Item        |       |       |     3 |     2 ||     5
         Shatter the Chain |       |       |       |     1 ||     1
  Evoke: Wand              |       |       |       |    14 ||    14
    Use: Scroll            |     1 |     7 |     5 |       ||    13
         Potion            |       |     1 |     4 |       ||     5
   Stab: Distracted        |     1 |     1 |     2 |     4 ||     8
 Armour: Robe              |    41 |    36 |    90 |    85 ||   252
         Skin              |       |       |     9 |       ||     9
         Leather armour    |       |       |       |     3 ||     3
  Dodge: Dodged            |    50 |    37 |   106 |   177 ||   370

Table legend: (Time is in decaauts)
 A = Elapsed time spent in this place.
 B = Non-inter-level travel time spent in this place.
 C = Inter-level travel time spent in this place.
 D = Time resting spent in this place.
 E = Time spent auto-exploring this place.
 F = Levels seen in this place.
 G = Mean time per level.
                   A        B        C        D        E       F      G
               +--------+--------+--------+--------+--------+-----+--------+
         Total |   4994 |   4766 |    228 |    117 |   2561 |  12 |  416.2 |
       Dungeon |   4237 |   4094 |    143 |    117 |   2288 |   9 |  470.8 |
        Temple |    354 |    269 |     85 |      0 |    245 |   1 |  354.0 |
          Lair |     21 |     21 |      0 |      0 |      0 |   1 |   21.0 |
        Bailey |    381 |    381 |      0 |      0 |     28 |   1 |  381.0 |
               +--------+--------+--------+--------+--------+-----+--------+

Top non-repeatable levels by time:
     D:6: 644 daAuts
     D:8: 562 daAuts
     D:9: 552 daAuts
     D:1: 541 daAuts
     D:4: 514 daAuts
     D:5: 478 daAuts
  Bailey: 381 daAuts
     D:7: 372 daAuts
  Temple: 354 daAuts
     D:3: 348 daAuts
     D:2: 223 daAuts
  Lair:1: 21 daAuts
